 Dungeon Crawl Stone Soup version 0.24-a0-25-g8489be9 (webtiles) character file.

Game seed: 10200977206426700400

10280 David the Slinger (level 11, -3/89 HPs)
             Began as a Human Hunter on Feb 1, 2019.
             Was an Elder of Ashenzari.
             Slain by a two-headed ogre
             ... wielding a +0 giant club
              (8 damage)
             ... on level 12 of the Dungeon.
             The game lasted 01:09:23 (13551 turns).

David the Slinger (Human Hunter)                   Turns: 13551, Time: 01:09:23

Health: -3/89      AC: 15    Str: 12    XL:     11   Next: 90%
Magic:  11/11      EV:  7    Int: 12    God:    Ashenzari [****..]
Gold:   629        SH: 15    Dex: 17    Spells: 10/10 levels left

rFire    . . .     SeeInvis +   a - +3 hunting sling (curse)
rCold    . . .     Gourm    .   q - +0 shield (curse)
rNeg     . . .     Faith    .   e - +3 chain mail (curse)
rPois    .         Spirit   .   h - +1 hat
rElec    +         Reflect  +   k - +0 cloak
rCorr    .         Harm     .   o - +0 pair of gloves (curse)
MR       .....     Clarity  +   v - +0 pair of boots
Stlth    ..........             j - +4 amulet of reflection
HPRegen  0.24/turn              l - ring of wizardry
MPRegen  0.12/turn              s - +3 ring of evasion

@: no status effects
A: talons 1, electricity resistance
a: Curse Item, Scrying, Renounce Religion


You were on level 12 of the Dungeon.
You worshipped Ashenzari.
Ashenzari was greatly pleased with you.
You were not hungry.

You visited 1 branch of the dungeon, and saw 12 of its levels.

You collected 629 gold pieces.

Inventory:

Hand Weapons
 a - a cursed +3 hunting sling (weapon)
 b - a +0 short sword
Missiles
 g - 132 stones (quivered)
 w - a throwing net
Armour
 c - a +0 leather armour
 e - a cursed +3 chain mail (worn)
 h - a +1 hat (worn)
 k - a +0 cloak (worn)
 o - a cursed +0 pair of gloves (worn)
 q - a cursed +0 shield (worn)
 v - a +0 pair of boots (worn)
Jewellery
 j - a +4 amulet of reflection (around neck)
 l - a ring of wizardry (left hand)
 n - an uncursed ring of ice
 s - a +3 ring of evasion (right hand)
 B - an uncursed amulet of rage
Wands
 u - a wand of iceblast (13)
Scrolls
 i - a scroll of teleportation
 m - 4 scrolls of magic mapping
 r - 2 scrolls of amnesia
 t - 7 scrolls of identify
Potions
 x - 2 potions of curing
 E - a potion of flight
Comestibles
 f - 15 rations


   Skills:
 + Level 9.5 Fighting
 * Level 13.8(16.8) Slings
 - Level 2.0 Dodging
 - Level 1.0 Stealth
 + Level 6.9(9.2) Shields


You had 10 spell levels left.
You didn't know any spells.
Your spell library contained the following spells:

 Spells                   Type           Power        Failure   Level  Hunger
 Beastly Appendage        Tmut           #.....       100%        1    ##.....
 Confusing Touch          Hex            #.....       100%        1    ##.....
 Magic Dart               Conj           #...         100%        1    ##.....
 Blink                    Tloc           N/A          100%        2    ###....
 Call Imp                 Summ           #.......     100%        2    ###....
 Slow                     Hex            #.......     100%        2    ###....
 Sticks to Snakes         Tmut           #.......     100%        2    ###....
 Confuse                  Hex            #.......     100%        3    ####...
 Conjure Flame            Conj/Fire      #.......     100%        3    ####...
 Gell's Gravitas          Tloc           #.........   100%        3    ####...
 Mephitic Cloud           Conj/Pois/Air  #.......     100%        3    ####...
 Spider Form              Tmut/Pois      #.........   100%        3    ####...
 Ice Form                 Ice/Tmut       #.......     100%        4    #####..
 Petrify                  Tmut/Erth      #.......     100%        4    #####..
 Blade Hands              Tmut           #.........   100%        5    ######.
 Bolt of Magma            Conj/Fire/Erth #.........   100%        5    ######.
 Iskenderun's Battlesphe  Conj/Chrm      #.......     100%        5    ######.
 Metabolic Englaciation   Hex/Ice        #.........   100%        5    ######.
 Venom Bolt               Conj/Pois      #.........   100%        5    ######.
 Yara's Violent Unravell  Hex/Tmut       #.........   100%        5    ######.
 Iron Shot                Conj/Erth      #.........   100%        6    #######
 Orb of Destruction       Conj           #.........   100%        7    #######
 Spellforged Servitor     Conj/Summ      #.........   100%        7    #######


Dungeon Overview and Level Annotations

Branches:
Dungeon (12/15)            Temple (0/1) D:4            Lair (0/6) D:11
    Orc (0/2) D:11

Altars:
Ashenzari
Elyvilon
Fedhas
Makhleb
Okawaru
Ru
Sif Muna
Trog
Vehumet
Wu Jian
The Shining One

Shops:
D:9 }

Annotations:
D:9 3 runed translucent doors, TheGoonsmith's ghost, novice MiBe
D:11 exclusion: door


Innate Abilities, Weirdness & Mutations

You have sharp toenails.
You are resistant to electric shocks. (rElec)


Message History

The large rock hits you!!
* * * LOW HITPOINT WARNING * * *
The vampire mosquito bites you but does no damage.
Found a large rock.
You see here a large rock.
The vampire mosquito bites you.
* * * LOW HITPOINT WARNING * * *
The vampire mosquito draws strength from your injuries!
The two-headed ogre hits you with a +0 giant club.
* * * LOW HITPOINT WARNING * * *
You block the two-headed ogre's attack.
Unknown command.
The crimson imp blinks!
The cyclops throws a large rock.
The large rock barely misses you.
The large rock hits the vampire mosquito!!!
The vampire mosquito is destroyed!
The bullfrog zombie hits you but does no damage.
There is a stone staircase leading up here.
The two-headed ogre hits you with a +0 giant club!
You die...

#§F#§§#§.... * , , ,
.§.§YYr##... #. ,# , *
.§§{§§§§.C#.#,#. # * .#,
###...#r#.#,.#..#(,,#5#
#..#..#.....#.#.C###..#.*
#F.#....##.C#.#?.....§..
........................
#.D#.........p..........
,
#..######.......@Z......
* #...# .......(O...... *
* ...# *.......(.......
,..## #..##....###...
*### *, #..##..O.##*,.#
,..........#, ,.
..........+,* ,, , , ,
,..........# ...#......#


You could see a death knight, 2 two-headed ogres, 2 cyclopes, a crimson imp and
a bullfrog zombie.

Vanquished Creatures
  A hydra (D:11)
  Fannar (D:12)
  2 ugly things (D:11)
  2 cyclopes (D:11)
  A troll (D:10)
  9 yaks
  A vampire (D:9)
  3 basilisks
  A hungry ghost (D:11)
  Eustachio (D:6)
  A soldier ant (D:10)
  A water moccasin (D:9)
  Purgy (D:4)
  3 porcupines
  An ice beast (D:7)
  2 orc warriors
  3 phantoms
  3 sky beasts
  A necrophage (D:7)
  2 ogres
  5 centaurs
  A crocodile (D:11)
  2 big kobolds
  5 bullfrogs
  A gnoll sergeant (D:7)
  3 scorpions
  2 howler monkeys
  2 wights (D:10)
  4 centaur zombies
  2 bullfrog zombies
  3 hounds
  8 crimson imps
  A centaur skeleton (D:6)
  2 jellies
  5 orc wizards
  7 orc priests
  An iguana (D:5)
  5 worker ants
  Natasha (thrice) (D:2)
  9 gnolls
  A howler monkey skeleton (D:8)
  10 adders
  4 shadow imps
  2 adder zombies
  An adder skeleton (D:5)
  4 worms
  4 dart slugs
  5 leopard geckos
  30 orcs
  A ball python (D:3)
  5 bats
  4 giant cockroaches
  7 hobgoblins
  9 jackals
  8 quokkas
  A ball python skeleton (D:6)
  8 frilled lizards
  7 goblins
  14 kobolds
  A leopard gecko skeleton (D:7)
  A quokka skeleton (D:5)
  A quokka zombie (D:7)
  5 rats
  A fungus (D:1)
  A toadstool (D:1)
246 creatures vanquished.

Vanquished Creatures (collateral kills)
  A worker ant (D:8)
1 creature vanquished.

Vanquished Creatures (others)
  A cyclops (D:11)
  A vampire mosquito (D:12)
  An orc warrior (D:6)
  An orc wizard (D:8)
  A bush (D:11)
  8 fungi (D:11)
  14 plants (D:11)
  2 toadstools (D:1)
29 creatures vanquished.

Grand Total: 276 creatures vanquished

Notes
Turn   | Place    | Note
-------+----------+-------------------------------------------
     0 | D:1      | David the Human Hunter began the quest for the Orb.
     0 | D:1      | Reached XP level 1. HP: 16/16 MP: 1/1
   125 | D:1      | Reached XP level 2. HP: 22/22 MP: 2/2
   218 | D:1      | Reached XP level 3. HP: 27/27 MP: 3/3
   285 | D:1      | Reached skill level 5 in Slings
   606 | D:2      | Noticed Natasha
   624 | D:2      | Killed Natasha
   624 | D:2      | Reached XP level 4. HP: 18/33 MP: 4/4
  1505 | D:2      | Noticed Natasha
  1508 | D:2      | Killed Natasha
  1508 | D:2      | Reached XP level 5. HP: 38/38 MP: 5/5
  1509 | D:2      | Noticed Natasha
  1517 | D:2      | Killed Natasha
  1517 | D:2      | Reached skill level 6 in Slings
  2271 | D:3      | Noticed an orc warrior
  2288 | D:3      | Gained mutation: You are resistant to electric shocks.
                  | (rElec) [potion of mutation]
  2288 | D:3      | Gained mutation: You have sharp toenails. [potion of
                  | mutation]
  2311 | D:3      | Found a shattered altar of Ashenzari.
  2322 | D:3      | Became a worshipper of Ashenzari the Shackled
  2484 | D:3      | Found a burning altar of Makhleb.
  2484 | D:3      | Noticed a cacodemon
  2491 | D:3      | Noticed a ynoxinul
  2491 | D:3      | Noticed an orange demon
  2617 | D:3      | Reached XP level 6. HP: 43/46 MP: 6/6
  2973 | D:4      | Noticed Purgy
  2994 | D:4      | Killed Purgy
  2994 | D:4      | Reached skill level 7 in Slings
  2994 | D:4      | Reached XP level 7. HP: 34/52 MP: 7/7
  3171 | D:4      | Found a staircase to the Ecumenical Temple.
  3174 | D:4      | Reached * piety under Ashenzari
  3320 | D:5      | Entered Level 5 of the Dungeon
  3815 | D:5      | Reached skill level 8 in Slings
  4337 | D:3      | Reached XP level 8. HP: 16/61 MP: 8/8
  4751 | D:3      | Found a bloodstained altar of Trog.
  4756 | D:3      | Found a deep blue altar of Sif Muna.
  4767 | D:3      | Found a sacrificial altar of Ru.
  4768 | D:3      | Found a white marble altar of Elyvilon.
  4769 | D:3      | Found a glowing golden altar of the Shining One.
  4770 | D:3      | Found a radiant altar of Vehumet.
  4784 | D:3      | Found an iron altar of Okawaru.
  5191 | D:6      | Noticed Eustachio
  5499 | D:6      | Found a sacrificial altar of Ru.
  5526 | D:6      | Reached skill level 5 in Fighting
  5526 | D:6      | Reached skill level 9 in Slings
  5795 | D:6      | Killed Eustachio
  6523 | D:8      | Reached XP level 9. HP: 69/69 MP: 9/9
  6553 | D:8      | Reached ** piety under Ashenzari
  6638 | D:8      | Reached skill level 10 in Slings
  6971 | D:8      | Found a blossoming altar of Fedhas.
  7778 | D:7      | Reached skill level 1 in Shields
  8665 | D:6      | Reached skill level 11 in Slings
  9334 | D:9      | Found a runed translucent gate.
  9334 | D:9      | Found a runed translucent gate.
  9334 | D:9      | Found a runed translucent gate.
  9349 | D:9      | Noticed TheGoonsmith's ghost (novice MiBe)
  9559 | D:9      | Reached XP level 10. HP: 71/79 MP: 10/10
  9638 | D:10     | Entered Level 10 of the Dungeon
  9971 | D:9      | Found Qonaun's Gadget Boutique.
 10079 | D:9      | Reached *** piety under Ashenzari
 10261 | D:9      | Found an ornate altar of the Wu Jian Council.
 10601 | D:10     | Reached skill level 12 in Slings
 11358 | D:11     | Noticed a cyclops
 11358 | D:11     | Noticed a purple ugly thing
 11407 | D:11     | Noticed a white ugly thing
 11437 | D:11     | Killed a white ugly thing
 11437 | D:11     | Reached skill level 5 in Shields
 11798 | D:11     | Killed a cyclops
 11798 | D:11     | Reached XP level 11. HP: 84/87 MP: 11/11
 11810 | D:11     | Noticed a cyclops
 11814 | D:11     | Killed a cyclops
 11844 | D:11     | Noticed an eight-headed hydra
 12135 | D:10     | Reached skill level 13 in Slings
 12361 | D:11     | Killed an eight-headed hydra
 12793 | D:11     | Killed a purple ugly thing
 12831 | D:11     | Found a staircase to the Lair.
 12878 | D:11     | Noticed a five-headed hydra
 13034 | D:11     | Found a staircase to the Orcish Mines.
 13070 | D:11     | Noticed a cyclops
 13084 | D:11     | Killed a cyclops
 13409 | D:12     | Noticed Fannar
 13510 | D:12     | Killed Fannar
 13538 | D:12     | Reached **** piety under Ashenzari
 13539 | D:12     | Noticed a cyclops
 13541 | D:12     | Noticed a deep elf mage
 13543 | D:12     | Noticed a red ugly thing
 13545 | D:12     | Noticed a two-headed ogre
 13545 | D:12     | Noticed a two-headed ogre
 13547 | D:12     | Noticed a death knight
 13548 | D:12     | Noticed a cyclops
 13551 | D:12     | Slain by a two-headed ogre

Vault maps used:
D:1:      lightli_arrival_flooded_house, minmay_gold_behind_fungi,
          ebering_dispersal_statue_hall
D:2:      uniq_natasha
D:3:      nicolae_ashenzari_panopticon, makhleb_altar_promises_db,
          grunt_temple_overflow_octagram
D:4:      minmay_temple_entry_mist, first_ration, kennysheep_generic_room_3,
          uniq_purgy
D:6:      basic_altar, minmay_misc_feat_ornament, uniq_eustachio
D:8:      fedhas_ov_isle_minmay
D:9:      nicolae_overflow_hidden_temple, ebering_ghost_rock_garden,
          serial_shops, nicolae_shop_crystal
D:11:     minmay_lair_entry_grove
D:12:     minmay_the_grid_square_5x5_5x5_mashed, serial_co_window_serial,
          co_window_paths_a, co_window_corner_a, co_window_paths_a,
          co_window_corner_a, co_window_paths_b, co_window_paths_a,
          co_window_paths_a, co_window_paths_b, co_window_paths_b,
          co_window_corner_b, co_window_corner_b, co_window_of_opportunity_b,
          co_window_paths_d, glass_columns_c, glass_columns_b, glass_columns_a,
          enter_bailey_8, grunt_pizzeria, kennysheep_small_circle, uniq_fannar

Skill      XL: |  1  2  3  4  5  6  7  8  9 10 11 |
---------------+----------------------------------+-----
Slings         | 5 6 7 8 9 11 12 13 | 13.8
Fighting       | 3 4 5 7 8 9 |  9.5
Shields        | 3 5 6 |  6.9
Dodging        | |  2.0
Stealth        | |  1.0

Action                   |  1- 3 |  4- 6 |  7- 9 | 10-12 || total
-------------------------+-------+-------+-------+-------++-------
Melee: Short sword       |    33 |       |       |       ||    33
       Hunting sling     |       |       |     4 |       ||     4
 Fire: Hunting sling     |    73 |   250 |   641 |   666 ||  1630
Throw: Throwing net      |       |       |       |     1 ||     1
Invok: Curse Item        |       |     2 |     1 |       ||     3
Evoke: Wand              |       |       |       |     1 ||     1
  Use: Scroll            |       |     8 |    12 |     9 ||    29
       Potion            |       |     7 |     2 |     6 ||    15
  Eat: Ration            |       |     2 |     5 |     3 ||    10
       Chunk             |       |       |     1 |     2 ||     3
Armor: Leather armour    |    11 |       |       |       ||    11
       Chain mail        |    15 |    95 |   102 |   104 ||   316
       Skin              |       |    10 |       |     3 ||    13
Dodge: Dodged            |    27 |    45 |    24 |    69 ||   165
Block: Other             |       |     9 |     5 |       ||    14
       Reflection        |       |     1 |     8 |    18 ||    27
       Shield            |       |       |   105 |   193 ||   298

Table legend:
 A = Non-vault XP
 B = Vault XP
 C = Vault XP percentage of total XP
 D = Non-vault monster count
 E = Vault monster count
 F = Vault count percentage of total count
                 A         B        C        D         E       F
            +---------+---------+-------+---------+---------+-------
      Total |   10823 |    3864 |  26.3 |     231 |      17 |   6.9
            +---------+---------+-------+---------+---------+-------
        D:1 |      48 |       0 |   0.0 |      26 |       0 |   0.0
        D:2 |     134 |      35 |  20.7 |      14 |       1 |   6.7
        D:3 |     251 |       0 |   0.0 |      28 |       0 |   0.0
        D:4 |     111 |     142 |  56.1 |       8 |       1 |  11.1
        D:5 |     480 |       0 |   0.0 |      21 |       0 |   0.0
        D:6 |     648 |     182 |  21.9 |      14 |       1 |   6.7
        D:7 |    1019 |       0 |   0.0 |      30 |       0 |   0.0
        D:8 |     677 |       0 |   0.0 |      26 |       0 |   0.0
        D:9 |    1368 |       0 |   0.0 |      16 |       0 |   0.0
       D:10 |    1687 |    1223 |  42.0 |      21 |       7 |  25.0
       D:11 |    4357 |    1335 |  23.5 |      26 |       6 |  18.8
       D:12 |      43 |     947 |  95.7 |       1 |       1 |  50.0
            +---------+---------+-------+---------+---------+-------
